 Dungeon Crawl Stone Soup version 0.31-a0-858-g469dc525a8 (webtiles) character file.

Game seed: 7053591879398980331

12055 IndexError the Fighter (level 11, -8/73 HPs)
             Began as a Gargoyle Earth Elementalist on Oct 9, 2023.
             Was an Elder of Cheibriados.
             Mangled by a death yak (15 damage)
             ... on level 11 of the Dungeon.
             The game lasted 00:20:34 (11358 turns).

IndexError the Fighter (GrEE)                      Turns: 11358, Time: 00:20:35

Health: -8/73      AC: 24    Str: 21    XL:     11   Next: 87%
Magic:  1/25       EV: 16    Int: 33    God:    Cheibriados [****..]
Gold:   131        SH:  0    Dex: 19    Spells: 16/30 levels left

rFire   . . .        C - +2 dagger (venom)
rCold   . . .        (no shield)
rNeg    + . .        l - +1 ring mail "Qifygi" {Int+4}
rPois   ∞            x - +2 helmet
rElec   +            (no cloak)
rCorr   .            J - +1 pair of gloves
SInv    .            K - +0 pair of boots
Will    .....        N - amulet of magic regeneration
Stlth   +++          k - +5 ring of evasion
HPRegen 0.32/turn    v - +4 ring of protection
MPRegen 0.59/turn

%: no passive effects
@: very slow
A: sickness immunity, AC +8, negative energy resistance 1, electricity
resistance, torment resistance 1, petrification resistance
a: Renounce Religion, Bend Time, Temporal Distortion, Slouch


You were on level 11 of the Dungeon.
You worshipped Cheibriados.
Cheibriados was greatly pleased with you.
You visited 1 branch of the dungeon, and saw 11 of its levels.
You also visited: Sewer.

You collected 611 gold pieces.
You spent 480 gold pieces at shops.

Inventory:

Hand Weapons
 a - a +2 demon blade of flaming
   (You found it on level 9 of the Dungeon)
 C - a +2 dagger of venom (weapon)
   (You took it off a goblin on level 4 of the Dungeon)
Missiles
 m - 40 poisoned darts
 F - 5 javelins
 Q - 2 curare-tipped darts
Armour
 l - the +1 ring mail "Qifygi" (worn) {Int+4}
   (You found it on level 9 of the Dungeon)

   Int+4:     It affects your intelligence (+4).
 x - a +2 helmet (worn)
   (You found it on level 3 of the Dungeon)
 J - a +1 pair of gloves (worn)
   (You found it on level 7 of the Dungeon)
 K - a +0 pair of boots (worn)
   (You found it on level 7 of the Dungeon)
Magical Staves
 R - a staff of fire {rF+}
   (You found it on level 11 of the Dungeon)
Jewellery
 g - a ring of protection from cold {rC+, !d}
   (You found it on level 4 of the Dungeon)
 k - a +5 ring of evasion (left hand)
   (You found it on level 3 of the Dungeon)
 v - a +4 ring of protection (right hand)
   (You took it off a kobold on level 3 of the Dungeon)
 N - an amulet of magic regeneration (around neck)
   (You bought it in a shop on level 9 of the Dungeon)
 O - a +5 ring of evasion
   (You found it on level 10 of the Dungeon)
 S - a ring of ice {rC+, rF-}
   (You found it on level 11 of the Dungeon)
Wands
 n - a wand of paralysis (15)
   (You found it on level 5 of the Dungeon)
 y - a wand of iceblast (23)
   (You took it off Pikel on level 4 of the Dungeon)
 A - a wand of quicksilver (12)
   (You found it on level 5 of the Dungeon)
 L - a wand of flame (14)
   (You found it on level 8 of the Dungeon)
 M - a wand of mindburst (5)
   (You found it on level 8 of the Dungeon)
Scrolls
 d - 7 scrolls of teleportation
 f - 2 scrolls of blinking {!r}
 h - 2 scrolls of immolation {!r}
 i - 5 scrolls of revelation
 p - a scroll of fog
 t - 3 scrolls of fear
 u - 2 scrolls of vulnerability {!r!r}
 w - a scroll of butterflies
 D - a scroll of torment {!r}
 G - a scroll of enchant weapon
 I - a scroll of poison
 P - a scroll of brand weapon {unknown}
Potions
 b - 2 potions of magic
 c - 3 potions of mutation {unknown}
 e - a potion of cancellation {unknown}
 j - 3 potions of lignification {unknown}
 o - 4 potions of haste {unknown}
 q - 2 potions of heal wounds {unknown}
 r - a potion of resistance {unknown}
 s - 2 potions of might {unknown}
 z - a potion of enlightenment {unknown}
 B - 2 potions of curing {unknown}
 E - 2 potions of brilliance
 H - a potion of invisibility {unknown}


   Skills:
 + Level 10.3 Fighting
 - Level 1.5 Dodging
 + Level 5.6 Stealth
 - Level 10.0 Spellcasting
 + Level 4.5 Conjurations
 - Level 3.1 Translocations
 - Level 5.0 Transmutations
 - Level 10.0 Earth Magic


You had 16 spell levels left.
You knew the following spells:

 Your Spells              Type           Power      Damage    Failure   Level
a - Sandblast             Erth           100%       2d20      1%          1
b - Blink                 Tloc           74%        N/A       1%          2
c - Petrify               Tmut/Erth      60%        N/A       2%          4
d - Brom's Barrelling Bo  Conj/Erth      59%        2d7       2%          4
x - Stone Arrow           Conj/Erth      100%       3d13      1%          3

Your spell library contained the following spells:

 Spells                   Type           Power      Damage    Failure   Level
 Apportation              Tloc           74%        N/A       1%          1
 Kiss of Death            Conj/Necr      100%       2d13      1%          1
 Magic Dart               Conj           100%       1d8       1%          1
 Passwall                 Tmut/Erth      50%        N/A       1%          2
 Slow                     Hex            64%        N/A       4%          1
 Gell's Gravitas          Tloc           37%        N/A       4%          3
 Teleport Other           Tloc           37%        N/A       4%          3
 Call Imp                 Summ           32%        N/A       7%          2
 Poisonous Vapours        Pois/Air       32%        N/A       7%          2
 Mephitic Cloud           Conj/Pois/Air  26%        N/A       8%          3
 Manifold Assault         Tloc           37%        N/A       13%         4
 Confusing Touch          Hex            16%        N/A       14%         3
 Frozen Ramparts          Ice            32%        1d5       14%         3
 Inner Flame              Hex/Fire       16%        N/A       14%         3
 Sigil of Binding         Hex            16%        N/A       14%         3
 Vampiric Draining        Necr           16%        2d7       14%         3
 Yara's Violent Unravell  Hex/Tmut       16%        3d8       43%         5
 Freezing Cloud           Conj/Ice/Air   13%        6-21      56%         5
 Metabolic Englaciation   Hex/Ice        8%         N/A       78%         5
 Dispersal                Tloc           18%        N/A       90%         6
 Enfeeble                 Hex            8%         N/A       100%        7


Dungeon Overview and Level Annotations

Branches:
Dungeon (11/15)            Temple (0/1) D:7           Sewer (visited)
   Lair: D:8-11         Orc: D:9-12

Altars:
Ashenzari
Cheibriados
Fedhas
Hepliaklqana
Makhleb
Wu Jian
Xom

Shops:
D:3 :   D:5 *   D:6 ?   D:9 =   D:10 !   D:11 [

Annotations:
D:6 2 runed translucent doors, Vontreibholz's ghost, novice HOFi


Innate Abilities, Weirdness & Mutations

You are immune to sickness and miasma.
Your stone body is resilient. (AC +8)
You are immune to poison.
You resist negative energy. (rN+)
You are resistant to electric shocks. (rElec)
You are resistant to unholy torment.
You are immune to petrification.


Message History

Press: ? - help, Shift-Dir - straight line, f/p - death yak
Aim: a death yak (92% to hit)
The stone arrow hits the death yak!!
The death yak bellows!
The death yak gores you but does no damage.
You now have 23/25 mp.
Casting: Stone Arrow (safe; 1% risk of failure)
Confirm with . or Enter, or press ? or * to list all spells.
Aiming: Stone Arrow (safe; 1% risk of failure)
Press: ? - help, Shift-Dir - straight line, f/p - death yak
Aim: a death yak (92% to hit)
You miscast Stone Arrow.
You are very lightly contaminated with residual magic.
Nothing appears to happen.
The death yak closely misses you.
You now have 20/25 mp.
Casting: Stone Arrow (safe; 1% risk of failure)
Confirm with . or Enter, or press ? or * to list all spells.
Aiming: Stone Arrow (safe; 1% risk of failure)
Press: ? - help, Shift-Dir - straight line, f/p - death yak
Aim: a death yak (92% to hit)
The stone arrow hits the death yak!!
The death yak gores you but does no damage.
The death yak snorts and paws the ground.
You now have 18/25 mp.
Casting: Stone Arrow (safe; 1% risk of failure)
Confirm with . or Enter, or press ? or * to list all spells.
Aiming: Stone Arrow (safe; 1% risk of failure)
Press: ? - help, Shift-Dir - straight line, f/p - death yak
Aim: a death yak (92% to hit)
The stone arrow hits the death yak but does no damage.
The death yak gores you!
* * * LOW HITPOINT WARNING * * *
You take 10 damage, and have 19/72 hp.
You now have 15/25 mp.
Casting: Stone Arrow (safe; 1% risk of failure)
Confirm with . or Enter, or press ? or * to list all spells.
Aiming: Stone Arrow (safe; 1% risk of failure)
Press: ? - help, Shift-Dir - straight line, f/p - death yak
Aim: a death yak (92% to hit)
The stone arrow hits the death yak.
The death yak gores you but does no damage.
You now have 13/25 mp.
Casting: Stone Arrow (safe; 1% risk of failure)
Confirm with . or Enter, or press ? or * to list all spells.
Aiming: Stone Arrow (safe; 1% risk of failure)
Press: ? - help, Shift-Dir - straight line, f/p - death yak
Aim: a death yak (92% to hit)
The stone arrow hits the death yak!!
The death yak gores you!
* * * LOW HITPOINT WARNING * * *
You take 6 damage, and have 13/72 hp.
You now have 11/25 mp.
Casting: Stone Arrow (safe; 1% risk of failure)
Confirm with . or Enter, or press ? or * to list all spells.
Aiming: Stone Arrow (safe; 1% risk of failure)
Press: ? - help, Shift-Dir - straight line, f/p - death yak
Aim: a death yak (92% to hit)
The stone arrow hits the death yak!!
Cheibriados appreciates the change of pace.
You now have 8/25 mp.
Casting: Stone Arrow (safe; 1% risk of failure)
Confirm with . or Enter, or press ? or * to list all spells.
Aiming: Stone Arrow (safe; 1% risk of failure)
Press: ? - help, Shift-Dir - straight line, f/p - death yak
Aim: a death yak (92% to hit)
The stone arrow hits the death yak!!
The death yak misses you.
You now have 6/25 mp.
Casting: Stone Arrow (safe; 1% risk of failure)
Confirm with . or Enter, or press ? or * to list all spells.
Aiming: Stone Arrow (safe; 1% risk of failure)
Press: ? - help, Shift-Dir - straight line, f/p - death yak
Aim: a death yak (moderately wounded, 92% to hit)
The stone arrow hits the death yak!!
The death yak gores you!
* * * LOW HITPOINT WARNING * * *
Your magical contamination has completely faded away.
You take 9 damage, and have 5/73 hp.
You now have 3/25 mp.
Casting: Stone Arrow (safe; 1% risk of failure)
Confirm with . or Enter, or press ? or * to list all spells.
Aiming: Stone Arrow (safe; 1% risk of failure)
Press: ? - help, Shift-Dir - straight line, f/p - death yak
Aim: a death yak (heavily wounded, 92% to hit)
The stone arrow misses the death yak.
The stone arrow hits the death yak!
The death yak closely misses you.
You now have 1/25 mp.
Casting: Stone Arrow (safe; 1% risk of failure)
Confirm with . or Enter, or press ? or * to list all spells.
You don't have enough magic to cast this spell.
Unknown command.
Okay, then.
The death yak misses you.
There are no items here.
The death yak misses you.
The death yak snorts and paws the ground.
The death yak closely misses you.
The death yak gores you but does no damage.
Casting: Stone Arrow (safe; 1% risk of failure)
Confirm with . or Enter, or press ? or * to list all spells.
Aiming: Stone Arrow (safe; 1% risk of failure)
Press: ? - help, Shift-Dir - straight line, f/p - death yak
Aim: a death yak (heavily wounded, 92% to hit)
The stone arrow misses the death yak.
The stone arrow hits the death yak!!
The death yak gores you!
You die...

..#..........#..........#
..#..........#..........#
..#..........#..........#
..#..........#..........#
..#..........###.#####<.#
..#............#Y#...#..#######
..#............#Y#...#........#
..####......)..#Y#...#........#
.....#.........#@#...#........#
.....#######'###.#...#........#
.................#...#........#
.................#...#........#
.........######..#...#........#
###'#)...'....#..#'###........#
#...#....#....'...............#
#...#....#....#.............>.#
'...#....#....#...............#


You could see 3 death yaks.

Vanquished Creatures
  A boulder beetle (D:8)
  4 death yaks (D:11)
  3 two-headed ogres (D:11)
  Sonja (D:11)
  Pikel (D:4)
  An efreet (D:11)
  A troll (D:11)
  A hornet (D:8)
  A wraith (D:11)
  14 yaks
  A wyvern (D:11)
  Menkaure (D:4)
  2 acid dragons
  A water moccasin (D:8)
  An orc warrior (D:9)
  2 sky beasts
  3 black bears
  3 ogres (D:7)
  A centaur (D:8)
  A lemure (D:4)
  2 bullfrogs
  6 kobold brigands
  2 scorpions
  A gnoll sergeant (D:7)
  6 howler monkeys
  4 jellies
  3 hounds
  6 orc priests
  4 iguanas
  9 orc wizards
  8 gnolls
  8 adders
  7 river rats
  3 white imps
  An ufetubus (D:5)
  5 worms
  3 dart slugs
  42 orcs
  9 ball pythons
  4 bats
  6 endoplasms
  7 giant cockroaches
  7 hobgoblins
  8 jackals
  38 kobolds
  2 quokkas (D:2)
  2 frilled lizards
  5 goblins
  25 rats
277 creatures vanquished.

Vanquished Creatures (others)
  An orc wizard (D:3)
1 creature vanquished.

Grand Total: 278 creatures vanquished

Notes
Turn   | Place    | Note
-------+----------+-------------------------------------------
     0 | D:1      | IndexError the Gargoyle Earth Elementalist began the quest
                  | for the Orb.
     0 | D:1      | Reached XP level 1. HP: 10/10 MP: 3/3
   176 | D:1      | Reached skill level 4 in Earth Magic
   176 | D:1      | Reached XP level 2. HP: 15/15 MP: 1/5
   728 | D:1      | Reached XP level 3. HP: 18/19 MP: 0/6
  1437 | D:2      | Reached skill level 3 in Spellcasting
  1733 | D:2      | Reached XP level 4. HP: 24/24 MP: 6/8
  1921 | D:2      | Reached skill level 5 in Earth Magic
  2071 | D:3      | Reached XP level 5. HP: 28/28 MP: 5/10
  2213 | D:3      | Found a glowing drain.
  2228 | Sewer    | Entered a sewer
  2409 | Sewer    | Reached skill level 4 in Spellcasting
  2439 | Sewer    | Noticed a kobold brigand
  2447 | Sewer    | HP: 7/28 [kobold brigand/+2 short sword of holy wrath (7)]
  2449 | Sewer    | Killed a kobold brigand
  2450 | Sewer    | Reached skill level 6 in Earth Magic
  2450 | Sewer    | Reached XP level 6. HP: 9/32 MP: 2/12
  2995 | Sewer    | Reached skill level 5 in Spellcasting
  2995 | Sewer    | Reached skill level 7 in Earth Magic
  2995 | Sewer    | Reached XP level 7. HP: 34/36 MP: 6/14
  3631 | D:3      | Got a droning book
  3757 | D:3      | Found a faded altar of an unknown god.
  4200 | D:3      | Found Xylorha's Book Emporium.
  4312 | D:4      | Noticed Menkaure
  4314 | D:4      | Killed Menkaure
  4315 | D:4      | Reached skill level 8 in Earth Magic
  4354 | D:4      | Reached XP level 8. HP: 28/41 MP: 7/16
  4367 | D:4      | Found a broken altar of Ashenzari.
  4479 | D:4      | Reached skill level 6 in Spellcasting
  4539 | D:4      | Noticed Pikel
  4549 | D:4      | Killed Pikel
  4550 | D:4      | Reached skill level 7 in Spellcasting
  4550 | D:4      | Reached skill level 9 in Earth Magic
  4824 | D:4      | Found an ornate altar of the Wu Jian Council.
  4824 | D:4      | Found a snail-covered altar of Cheibriados.
  5082 | D:5      | Entered Level 5 of the Dungeon
  5241 | D:5      | Reached skill level 10 in Earth Magic
  5416 | D:5      | Reached XP level 9. HP: 45/45 MP: 17/20
  5694 | D:5      | Reached skill level 8 in Spellcasting
  5756 | D:5      | Found Veetaido's Assorted Antiques.
  5842 | D:4      | Became a worshipper of Cheibriados the Contemplative
  6489 | D:6      | Found a large runed translucent door.
  6489 | D:6      | Found a large runed translucent door.
  6497 | D:6      | Noticed Vontreibholz's ghost (novice HOFi)
  6539 | D:6      | Found Izxemmeff's Magic Scroll Shop.
  6929 | D:7      | Reached skill level 9 in Spellcasting
  6959 | D:7      | Reached * piety under Cheibriados
  7126 | D:7      | Found a shimmering altar of Xom.
  7168 | D:7      | Found a hazy altar of Hepliaklqana.
  7307 | D:7      | Found a staircase to the Ecumenical Temple.
  7559 | D:7      | Found a burning altar of Makhleb.
  7559 | D:7      | Noticed a blizzard demon
  7562 | D:7      | Noticed a hellwing
  7562 | D:7      | Noticed an orange demon
  7691 | D:8      | Found a blossoming altar of Fedhas.
  7697 | D:8      | Reached skill level 10 in Spellcasting
  7701 | D:8      | Learned a level 3 spell: Stone Arrow
  7704 | D:8      | Learned a level 2 spell: Blink
  7709 | D:8      | Learned a level 4 spell: Petrify
  7744 | D:8      | Reached skill level 1 in Fighting
  7744 | D:8      | Reached skill level 1 in Transmutations
  7748 | D:8      | Reached skill level 1 in Translocations
  7769 | D:8      | Reached ** piety under Cheibriados
  7865 | D:8      | Noticed a hornet
  7873 | D:8      | Killed a hornet
  7874 | D:8      | Reached skill level 2 in Fighting
  7874 | D:8      | Reached XP level 10. HP: 49/53 MP: 16/24
  7877 | D:8      | Reached skill level 2 in Transmutations
  7887 | D:8      | Reached skill level 2 in Translocations
  8055 | D:8      | Noticed a boulder beetle
  8085 | D:8      | Killed a boulder beetle
  8086 | D:8      | Reached skill level 3 in Fighting
  8086 | D:8      | Reached skill level 3 in Translocations
  8215 | D:8      | Noticed a cyclops
  8215 | D:8      | Noticed a gargoyle
  8423 | D:9      | Reached skill level 3 in Transmutations
  8517 | D:9      | Reached skill level 4 in Fighting
  8884 | D:9      | Reached *** piety under Cheibriados
  8885 | D:9      | Reached skill level 5 in Fighting
  8887 | D:9      | Reached skill level 4 in Transmutations
  8982 | D:9      | Found Baqysat's Jewellery Shop.
  9030 | D:9      | Identified the +1 ring mail "Qifygi" {Int+4}
  9539 | D:10     | Entered Level 10 of the Dungeon
  9661 | D:10     | Reached skill level 6 in Fighting
  9875 | D:10     | Found Saxyn's Distillery.
  9913 | D:9      | Bought an amulet of magic regeneration for 480 gold pieces
 10150 | D:10     | Reached skill level 5 in Transmutations
 10153 | D:10     | Reached skill level 7 in Fighting
 10158 | D:10     | Reached XP level 11. HP: 67/67 MP: 23/25
 10426 | D:11     | Noticed Sonja
 10434 | D:11     | Killed Sonja
 10434 | D:11     | Noticed a two-headed ogre
 10435 | D:11     | Reached skill level 8 in Fighting
 10439 | D:11     | Killed a two-headed ogre
 10440 | D:11     | Reached skill level 9 in Fighting
 10455 | D:11     | Found Axawessu's Antique Armour Boutique.
 10468 | D:11     | Learned a level 4 spell: Brom's Barrelling Boulder
 10607 | D:11     | Noticed a two-headed ogre
 10611 | D:11     | Killed a two-headed ogre
 10612 | D:11     | Reached skill level 3 in Stealth
 10612 | D:11     | Reached skill level 1 in Conjurations
 10645 | D:11     | Noticed a death yak
 10646 | D:11     | Noticed a death yak
 10693 | D:11     | Reached skill level 2 in Conjurations
 10824 | D:11     | Noticed a two-headed ogre
 10829 | D:11     | Killed a two-headed ogre
 10898 | D:11     | Noticed a death yak
 10905 | D:11     | HP: 12/72 [efreet/fireball (27)]
 10906 | D:11     | Noticed a death yak
 10907 | D:11     | Reached skill level 4 in Stealth
 10907 | D:11     | Noticed a death yak
 10913 | D:11     | Noticed a death yak
 11134 | D:11     | Killed a death yak
 11135 | D:11     | Reached skill level 3 in Conjurations
 11190 | D:11     | Killed a death yak
 11191 | D:11     | Reached skill level 10 in Fighting
 11195 | D:11     | Killed a death yak
 11195 | D:11     | Reached **** piety under Cheibriados
 11196 | D:11     | Reached skill level 5 in Stealth
 11196 | D:11     | Reached skill level 4 in Conjurations
 11328 | D:11     | Noticed a death yak
 11349 | D:11     | HP: 13/72 [death yak (7)]
 11350 | D:11     | Killed a death yak
 11352 | D:11     | HP: 5/73 [death yak (9)]
 11358 | D:11     | Mangled by a death yak

Illustrated notes

Levels and vault maps discovered:
D:1:      dpeg_arrival_tiny_d, layout_loops_ring
D:2:      layout_loops_corners
D:3:      layout_basic, dreamdust_ecumenical_altar_statues, serial_shops, shop,
          portal_sewer_entry_a, st_stairs_4
D:4:      layout_rooms, nicolae_overflow_two_pavilions,
          nicolae_ashenzari_skybound, uniq_menkaure, uniq_pikel
D:5:      cheibrodos_thug_alley, layout_basic, serial_shops,
          nicolae_shop_overgrown_old_shop, chequers_decorated_corner
D:6:      layout_rooms, serial_shops, nicolae_shop_advertising_works
          [nicolae_subvault_shop_adworks], ebering_ghost_disaster_area
D:7:      layout_cave_pools, overflow_temple_1_default,
          lemuel_coloured_pillars_altar, makhleb_altar_promises_db,
          minmay_temple_entry_trees
D:8:      minmay_tri_box, layout_cave_pools, nicolae_overflow_hidden_temple,
          kennysheep_generic_room_10
D:9:      layout_basic, serial_shops, shop_statue
D:10:     layout_loops_ring, serial_shops, shop, item_on_display_a
D:11:     layout_irregular_city, dpeg_lair_monsters, serial_shops, shop,
          hellmonk_guarded_unrand_vitality_bloodlust, uniq_sonja

Skill      XL: |  1  2  3  4  5  6  7  8  9 10 11 |
---------------+----------------------------------+-----
Earth Magic    | 4 5 6 7 8 10 | 10.0
Spellcasting   | 3 4 5 7 10 | 10.0
Fighting       | 2 7 10 | 10.3
Transmutations | 1 5 |  5.0
Translocations | 1 3 |  3.1
Stealth        | 5 |  5.6
Conjurations   | 4 |  4.5
Dodging        | |  1.5

Action                     |  1- 3 |  4- 6 |  7- 9 | 10-12 || total
---------------------------+-------+-------+-------+-------++-------
  Melee: Spear             |     2 |       |     2 |       ||     4
         Dagger            |       |       |       |     8 ||     8
  Throw: Dart              |       |       |       |     1 ||     1
   Cast: Sandblast         |    46 |   113 |   194 |   111 ||   464
         Stone Arrow       |       |       |       |    36 ||    36
 Invoke: Bend Time         |       |       |       |     1 ||     1
  Evoke: Wand              |       |       |       |     4 ||     4
    Use: Scroll            |       |       |       |    15 ||    15
   Stab: Paralysed         |       |       |       |     8 ||     8
 Armour: Robe              |    11 |    24 |    48 |    12 ||    95
         Ring mail         |       |       |       |    57 ||    57
         Acid dragon scale |       |       |       |     6 ||     6
  Dodge: Dodged            |     5 |    55 |    91 |    73 ||   224

Table legend: (Time is in decaauts)
 A = Elapsed time spent in this place.
 B = Non-inter-level travel time spent in this place.
 C = Inter-level travel time spent in this place.
 D = Time resting spent in this place.
 E = Time spent auto-exploring this place.
 F = Levels seen in this place.
 G = Mean time per level.
                   A        B        C        D        E       F      G
               +--------+--------+--------+--------+--------+-----+--------+
         Total |  13569 |  12247 |   1322 |     54 |  10197 |  12 | 1130.8 |
       Dungeon |  12332 |  11010 |   1322 |     54 |   9206 |  11 | 1121.1 |
         Sewer |   1237 |   1237 |      0 |      0 |    991 |   1 | 1237.0 |
               +--------+--------+--------+--------+--------+-----+--------+

Top non-repeatable levels by time:
     D:9: 1881 daAuts
     D:5: 1381 daAuts
    D:10: 1369 daAuts
     D:2: 1288 daAuts
   Sewer: 1237 daAuts
     D:3: 1091 daAuts
    D:11: 1076 daAuts
     D:7: 955 daAuts
     D:8: 898 daAuts
     D:1: 892 daAuts
     D:4: 857 daAuts
     D:6: 639 daAuts

Levels and vault maps discovered:
D:1:      dpeg_arrival_tiny_d, layout_loops_ring
D:2:      layout_loops_corners
D:3:      layout_basic, dreamdust_ecumenical_altar_statues, serial_shops, shop,
          portal_sewer_entry_a, st_stairs_4
D:4:      layout_rooms, nicolae_overflow_two_pavilions,
          nicolae_ashenzari_skybound, uniq_menkaure, uniq_pikel
D:5:      cheibrodos_thug_alley, layout_basic, serial_shops,
          nicolae_shop_overgrown_old_shop, chequers_decorated_corner
D:6:      layout_rooms, serial_shops, nicolae_shop_advertising_works
          [nicolae_subvault_shop_adworks], ebering_ghost_disaster_area
D:7:      layout_cave_pools, overflow_temple_1_default,
          lemuel_coloured_pillars_altar, makhleb_altar_promises_db,
          minmay_temple_entry_trees
D:8:      minmay_tri_box, layout_cave_pools, nicolae_overflow_hidden_temple,
          kennysheep_generic_room_10
D:9:      layout_basic, serial_shops, shop_statue
D:10:     layout_loops_ring, serial_shops, shop, item_on_display_a
D:11:     layout_irregular_city, dpeg_lair_monsters, serial_shops, shop,
          hellmonk_guarded_unrand_vitality_bloodlust, uniq_sonja

Table legend: (Time is in decaauts)
 A = Elapsed time spent in this place.
 B = Non-inter-level travel time spent in this place.
 C = Inter-level travel time spent in this place.
 D = Time resting spent in this place.
 E = Time spent auto-exploring this place.
 F = Levels seen in this place.
 G = Mean time per level.
                   A        B        C        D        E       F      G
               +--------+--------+--------+--------+--------+-----+--------+
         Total |  13569 |  12247 |   1322 |     54 |  10197 |  12 | 1130.8 |
       Dungeon |  12332 |  11010 |   1322 |     54 |   9206 |  11 | 1121.1 |
         Sewer |   1237 |   1237 |      0 |      0 |    991 |   1 | 1237.0 |
               +--------+--------+--------+--------+--------+-----+--------+

Top non-repeatable levels by time:
     D:9: 1881 daAuts
     D:5: 1381 daAuts
    D:10: 1369 daAuts
     D:2: 1288 daAuts
   Sewer: 1237 daAuts
     D:3: 1091 daAuts
    D:11: 1076 daAuts
     D:7: 955 daAuts
     D:8: 898 daAuts
     D:1: 892 daAuts
     D:4: 857 daAuts
     D:6: 639 daAuts

Table legend:
 A = Kills in this place as a percentage of kills in the entire game.
 B = Kills by you in this place as a percentage of kills by you in the entire game.
 C = Kills by friends in this place as a percentage of kills by friends in the entire game.
 D = Other kills in this place as a percentage of other kills in the entire game.
 E = Experience gained in this place as a percentage of experience gained in the entire game.
 F = Experience gained in this place divided by the number of levels of this place that you have seen.
                   A       B       C       D       E      F
               +-------+-------+-------+-------+-------+----------------------
         Total | 100.0 | 100.0 |   N/A | 100.0 | 100.0 | 1435.2
       Dungeon |  83.0 |  83.0 |   N/A | 100.0 |  96.9 | 1517.5
         Sewer |  17.0 |  17.0 |   N/A |   0.0 |   3.1 | 529.0
               +-------+-------+-------+-------+-------+----------------------
